[Event "ICC tourney 2552 (3 2)"]
[Site "Internet Chess Club"]
[Date "2021.05.07"]
[Round "1"]
[White "HUAN LIANG, ERIC:K03-30067885"]
[Black "VOLOSHIN, VANYA:K03-30120361"]
[Result "1-0"]
[ICCResult "Black forfeits on time"]
[WhiteElo "1233"]
[BlackElo "1400"]
[Opening "Giuoco Piano"]
[ECO "C50"]
[NIC "IG.02"]
[Time "18:02:40"]
[PlyCount "67"]
[TimeControl "180+2"]

1. e4 e5 2. Nf3 Nc6 3. Bc4 Bc5 4. O-O Nf6 5. Nc3 O-O 6. d3 h6 7. Re1 d6 8.
Be3 Bxe3 9. fxe3 Bg4 10. h3 Bh5 11. Qd2 Bxf3 12. gxf3 Re8 13. Kh2 Qe7 14.
Rg1 Kh7 15. Rg2 Na5 16. Rag1 Rg8 17. Nd5 Qd8 18. Nxf6+ Qxf6 19. Bd5 c6 20.
Bb3 Nxb3 21. cxb3 Raf8 22. Qd1 g6 23. Qd2 Rg7 24. f4 Rfg8 25. Rg3 d5 26.
fxe5 Qxe5 27. exd5 cxd5 28. d4 Qe6 29. R1g2 Re8 30. a3 Rgg8 31. b4 Re7 32.
Qd3 Rge8 33. Re2 Qd6 34. Kg2 { Black forfeits on time } 1-0

[Event "ICC tourney 2552 (3 2)"]
[Site "Internet Chess Club"]
[Date "2021.05.07"]
[Round "1"]
[White "TAN, BELVIN:K06-16576614"]
[Black "LAM, ETHAN:K03-30150899"]
[Result "1-0"]
[ICCResult "Black checkmated"]
[WhiteElo "1179"]
[BlackElo "1400"]
[Opening "Scotch opening"]
[ECO "C44"]
[NIC "KP.10"]
[Time "18:03:20"]
[PlyCount "55"]
[TimeControl "180+2"]

1. e4 e5 2. Nf3 Nc6 3. d4 d5 4. exd5 Qxd5 5. Nc3 Qd6 6. Nb5 Qe6 7. Nxc7+
Kd7 8. Nxe6 fxe6 9. Nxe5+ Nxe5 10. dxe5+ Ke7 11. Bg5+ Ke8 12. Qd8+ Kf7 13.
Qc7+ Ne7 14. Bxe7 Bxe7 15. O-O-O Re8 16. Bc4 g6 17. Rd3 Kf8 18. Rf3+ Kg7
19. Rd1 h6 20. g4 a5 21. a4 Ra7 22. h4 Kg8 23. Rd4 g5 24. hxg5 Bxg5+ 25.
Kb1 Be7 26. Rd8 Rxd8 27. Qxe7 Rd7 28. Rf8# { Black checkmated } 1-0

[Event "ICC tourney 2552 (3 2)"]
[Site "Internet Chess Club"]
[Date "2021.05.07"]
[Round "1"]
[White "MAMCHIK, DANNY:K06-16671746"]
[Black "DAFTUAR, ROHAN:K03-17124531"]
[Result "1-0"]
[ICCResult "Black checkmated"]
[WhiteElo "1400"]
[BlackElo "1400"]
[Opening "Ruy Lopez: exchange variation, 5.O-O"]
[ECO "C68"]
[NIC "RL.08"]
[Time "18:03:20"]
[PlyCount "105"]
[TimeControl "180+2"]

1. e4 e5 2. Nf3 Nc6 3. Bb5 a6 4. Bxc6 dxc6 5. O-O Bg4 6. h3 Bxf3 7. Qxf3
Nf6 8. Nc3 Bd6 9. d3 h6 10. Be3 O-O 11. Qg3 Kh7 12. d4 exd4 13. Bxd4 Re8
14. e5 Nh5 15. Qd3+ g6 16. exd6 Qxd6 17. Be3 Qe6 18. Rfe1 Rad8 19. Qe2 Nf6
20. Rad1 Nd5 21. Nxd5 cxd5 22. c3 c5 23. Rd2 b6 24. Bf4 Qd7 25. Qd1 Rxe1+
26. Qxe1 Qf5 27. Bg3 Qd7 28. c4 d4 29. Rd3 Re8 30. Qd2 Qf5 31. Rf3 Qd7 32.
Qf4 Re7 33. Qh4 d3 34. Rxd3 Qxd3 35. Qxe7 Qxc4 36. b3 Qd5 37. Qe5 Qd1+ 38.
Kh2 Qb1 39. Qe2 b5 40. Bd6 Qf5 41. Qe7 c4 42. bxc4 bxc4 43. g4 Qd5 44. Bb4
Qf3 45. Qe1 Kg8 46. Qe8+ Kh7 47. Qe1 Kg8 48. a4 Kh7 49. a5 Kg8 50. Bc3 Kh7
51. Bd4 Kg8 52. Qe8+ Kh7 53. Qh8# { Black checkmated } 1-0

[Event "ICC tourney 2552 (3 2)"]
[Site "Internet Chess Club"]
[Date "2021.05.07"]
[Round "1"]
[White "KRISHNA JOSHI, AADIT:K03-17152932"]
[Black "THOMPSON, PETER:K06-16717682"]
[Result "1-0"]
[ICCResult "Black checkmated"]
[WhiteElo "1400"]
[BlackElo "1400"]
[Opening "Scotch opening"]
[ECO "C44"]
[NIC "KP.10"]
[Time "18:03:00"]
[PlyCount "93"]
[TimeControl "180+2"]

1. e4 e5 2. Nf3 Nc6 3. d4 d6 4. d5 Nce7 5. Nc3 b6 6. Be3 Bb7 7. Be2 Qd7 8.
Bb5 Bc6 9. Bxc6 Nxc6 10. dxc6 Qxc6 11. Qd5 Qxd5 12. Nxd5 Rc8 13. O-O-O c6
14. Nc3 d5 15. exd5 cxd5 16. Nxd5 Bd6 17. Nc3 Rd8 18. Nb5 Ke7 19. Rd2 a6
20. Nxd6 Rxd6 21. Rhd1 Rxd2 22. Rxd2 Nf6 23. Bxb6 Ne4 24. Re2 f5 25. Nxe5
Ke6 26. Bc7 Rc8 27. f3 Rxc7 28. fxe4 fxe4 29. Rxe4 Rc5 30. Nd3+ Kd5 31.
Re5+ Kc4 32. Rxc5+ Kd4 33. Rc7 Ke3 34. Rxg7 h5 35. g4 h4 36. Rh7 Kf3 37.
Rxh4 Ke4 38. g5+ Kf5 39. a4 Kxg5 40. b4 Kxh4 41. b5 axb5 42. axb5 Kg5 43.
b6 Kf6 44. b7 Kg5 45. b8=Q Kg4 46. Qg8+ Kh3 47. Qg3# { Black checkmated }
1-0

[Event "ICC tourney 2552 (3 2)"]
[Site "Internet Chess Club"]
[Date "2021.05.07"]
[Round "1"]
[White "RODIC, ELLIOT:K05-16510635"]
[Black "MINAYA LEMONDS, IBAI:K01-30033467"]
[Result "1-0"]
[ICCResult "Black checkmated"]
[WhiteElo "1400"]
[BlackElo "1400"]
[Opening "Giuoco Pianissimo: Canal variation"]
[ECO "C55"]
[NIC "IG.01"]
[Time "18:03:41"]
[PlyCount "59"]
[TimeControl "180+2"]

1. e4 e5 2. Nf3 Nc6 3. Bc4 Nf6 4. d3 Bc5 5. Bg5 d6 6. Nc3 h6 7. Bh4 g5 8.
Bg3 h5 9. h3 h4 10. Bh2 Be6 11. Bxe6 fxe6 12. Nxg5 Nd7 13. Nxe6 Qe7 14.
Nxc7+ Kd8 15. Nxa8 b6 16. Nxb6 axb6 17. Nd5 Qe6 18. c3 Rg8 19. g3 hxg3 20.
Bxg3 Nf6 21. Nxf6 Qxf6 22. b4 Bxb4 23. cxb4 Nxb4 24. Rb1 Nxa2 25. Rxb6 Nc3
26. Qc2 Ke7 27. Rb7+ Ke6 28. Qxc3 Ra8 29. Qc4+ d5 30. Qxd5# { Black
checkmated } 1-0

[Event "ICC tourney 2552 (3 2)"]
[Site "Internet Chess Club"]
[Date "2021.05.07"]
[Round "1"]
[White "SU KIM, JUN:K03-30164721"]
[Black "BUELTMANN PROK, LENNY:K06-30096360"]
[Result "0-1"]
[ICCResult "White forfeits on time"]
[WhiteElo "1400"]
[BlackElo "1117"]
[Opening "Bishop's opening: Philidor counter-attack"]
[ECO "C23"]
[NIC "IG.04"]
[Time "18:02:15"]
[PlyCount "82"]
[TimeControl "180+2"]

1. e4 e5 2. Bc4 c6 3. Nf3 d5 4. exd5 cxd5 5. Bb3 Bg4 6. h3 Bxf3 7. Qxf3 Qf6
8. Bxd5 Qxf3 9. Bxf3 Nc6 10. Bxc6+ bxc6 11. O-O Nf6 12. d3 e4 13. Re1 Bd6
14. Bg5 O-O 15. Bxf6 gxf6 16. Rxe4 Kh8 17. Nc3 Rae8 18. Rxe8 Rxe8 19. Ne4
Be5 20. a4 Bxb2 21. Rb1 Bd4 22. Rb4 f5 23. Ng3 Bc5 24. Rc4 Re1+ 25. Nf1 Bb6
26. Rxc6 Re2 27. Kh1 Rxf2 28. Ng3 Rf4 29. Nh5 Rf1+ 30. Kh2 h6 31. Rc8+ Kh7
32. Ng3 Rf2 33. Ra8 Rxc2 34. a5 Bc5 35. a6 Ra2 36. Nxf5 Rxa6 37. d4 Bb6 38.
d5 Bc7+ 39. Kg1 Kg6 40. Ne7+ Kf6 41. Ng8+ Kg7 { White forfeits on time }
0-1

[Event "ICC tourney 2552 (3 2)"]
[Site "Internet Chess Club"]
[Date "2021.05.07"]
[Round "1"]
[White "PRESSON, LULU:K01-30166313"]
[Black "NILES, NOAH:K05-30027195"]
[Result "1-0"]
[ICCResult "Black checkmated"]
[WhiteElo "1400"]
[BlackElo "1400"]
[Opening "Modern defense"]
[ECO "A40"]
[NIC "QO.17"]
[Time "18:02:31"]
[PlyCount "51"]
[TimeControl "180+2"]

1. d4 g6 2. e3 Bg7 3. Nf3 Nf6 4. Bd3 d6 5. O-O Bg4 6. h4 Qd7 7. Re1 Nc6 8.
Nc3 e6 9. Bd2 O-O-O 10. Be2 Rhe8 11. e4 d5 12. exd5 exd5 13. Bg5 h6 14.
Bxf6 Bxf6 15. Qd3 Nb4 16. Qd2 Nc6 17. Qxh6 Re7 18. Qd2 Rde8 19. Bb5 a6 20.
Bxc6 Rxe1+ 21. Rxe1 Rxe1+ 22. Qxe1 Qxc6 23. Ng5 Bxd4 24. Nxf7 Qf6 25. Qe8+
Qd8 26. Qxd8# { Black checkmated } 1-0

[Event "ICC tourney 2552 (3 2)"]
[Site "Internet Chess Club"]
[Date "2021.05.07"]
[Round "1"]
[White "ARUTLA, ADITYA:K05-16207801"]
[Black "HOJA, SAEED:K01-17050607"]
[Result "1-0"]
[ICCResult "Black checkmated"]
[WhiteElo "1400"]
[BlackElo "1400"]
[Opening "QGD: exchange, positional line"]
[ECO "D35"]
[NIC "QO.16"]
[Time "18:02:16"]
[PlyCount "91"]
[TimeControl "180+2"]

1. d4 d5 2. c4 e6 3. Nc3 Nf6 4. cxd5 exd5 5. Bg5 Bb4 6. e3 h6 7. Bxf6 Qxf6
8. Nf3 Bg4 9. Be2 Bxf3 10. Bxf3 c6 11. Qb3 Bxc3+ 12. bxc3 b6 13. O-O O-O
14. Rac1 Nd7 15. c4 dxc4 16. Qxc4 Rac8 17. Bxc6 Qf5 18. Qb5 Qxb5 19. Bxb5
Nf6 20. Be2 Ne4 21. Bf3 Nd2 22. Rfd1 Nxf3+ 23. gxf3 Rfd8 24. Kf1 Kf8 25.
Ke2 Ke7 26. Kd3 Ke6 27. e4 f6 28. d5+ Kd6 29. Kd4 Re8 30. f4 Rcd8 31. Rc6+
Kd7 32. Rdc1 Rc8 33. Rxc8 Rxc8 34. Rxc8 Kxc8 35. e5 fxe5+ 36. fxe5 Kd7 37.
d6 Ke6 38. f4 g6 39. h4 h5 40. Kc4 a6 41. a4 Kd7 42. Kd5 a5 43. e6+ Kd8 44.
d7 b5 45. Kd6 bxa4 46. e7# { Black checkmated } 1-0

[Event "ICC tourney 2552 (3 2)"]
[Site "Internet Chess Club"]
[Date "2021.05.07"]
[Round "1"]
[White "JOSHI, OM:K05-30018177"]
[Black "LAI, NATHANIEL:K03-30158093"]
[Result "1-0"]
[ICCResult "Black forfeits on time"]
[WhiteElo "1159"]
[BlackElo "1400"]
[Opening "Two knights defense"]
[ECO "C57"]
[NIC "KP.01"]
[Time "18:02:43"]
[PlyCount "73"]
[TimeControl "180+2"]

1. e4 e5 2. Nf3 Nc6 3. Bc4 Nf6 4. Ng5 Qe7 5. Nxf7 Rg8 6. Ng5 Rh8 7. Bf7+
Kd8 8. Bc4 h6 9. Nf7+ Ke8 10. Nxh8 Na5 11. Bb3 d6 12. Ng6 Qf7 13. Bxf7+
Kxf7 14. Nxf8 Kxf8 15. d3 Bg4 16. f3 Bh5 17. Nc3 Nc6 18. Be3 Bf7 19. a3 d5
20. exd5 Bxd5 21. Nxd5 Nxd5 22. Qe2 Nf6 23. c3 Re8 24. Kf2 Nd5 25. c4 Nb6
26. Bxb6 axb6 27. Rae1 Nd4 28. Qd1 Re6 29. Re4 Nf5 30. Rhe1 Kf7 31. Rxe5
Rg6 32. Rxf5+ Kg8 33. Re8+ Kh7 34. Rff8 Rc6 35. Rh8+ Kg6 36. d4 Kf7 37. Qd3
{ Black forfeits on time } 1-0

[Event "ICC tourney 2552 (3 2)"]
[Site "Internet Chess Club"]
[Date "2021.05.07"]
[Round "1"]
[White "PUROHIT, VIHAAN:K05-16766058"]
[Black "YANG, AIMEE:K01-30082227"]
[Result "1-0"]
[ICCResult "Black checkmated"]
[WhiteElo "1400"]
[BlackElo "1400"]
[Opening "Sicilian: dragon, Yugoslav attack, Rauser variation"]
[ECO "B76"]
[NIC "SI.17"]
[Time "18:03:20"]
[PlyCount "45"]
[TimeControl "180+2"]

1. e4 c5 2. Nf3 d6 3. d4 cxd4 4. Nxd4 Nf6 5. Nc3 g6 6. Be3 Bg7 7. f3 O-O 8.
Qd2 Nc6 9. O-O-O Bd7 10. h4 h5 11. g4 a5 12. gxh5 Nxh5 13. Rg1 a4 14. Bh6
a3 15. b3 Bxh6 16. Qxh6 Qb6 17. Nxc6 Bxc6 18. Bc4 e6 19. Qxh5 Ra5 20. Qg4
Qc5 21. Bxe6 Qe5 22. Qxg6+ Kh8 23. Qh6# { Black checkmated } 1-0

[Event "ICC tourney 2552 (3 2)"]
[Site "Internet Chess Club"]
[Date "2021.05.07"]
[Round "1"]
[White "MAASAI DANIELS, INDIGO:K05-30096534"]
[Black "BULUSU, PHANEENDRA:K03-16661467"]
[Result "1-0"]
[ICCResult "Black forfeits on time"]
[WhiteElo "1400"]
[BlackElo "1400"]
[Opening "Giuoco Piano: four knights variation"]
[ECO "C47"]
[NIC "KP.06"]
[Time "18:03:00"]
[PlyCount "63"]
[TimeControl "180+2"]

1. e4 e5 2. Nc3 Nc6 3. Nf3 Nf6 4. Bc4 Bc5 5. O-O d6 6. Nd5 Nxe4 7. d3 Nf6
8. Bg5 Be6 9. c3 h6 10. Bxf6 gxf6 11. b4 Bb6 12. Nxb6 axb6 13. Bxe6 fxe6
14. Qb3 d5 15. a4 Rg8 16. g3 f5 17. b5 Na5 18. Qb4 c5 19. bxc6 Nxc6 20. Qb3
f4 21. Kh1 fxg3 22. fxg3 Qe7 23. Qxb6 Ra6 24. Qe3 d4 25. cxd4 exd4 26. Nxd4
Nxd4 27. Qxd4 Rd6 28. Qe4 Rf8 29. Rxf8+ Kxf8 30. Rf1+ Ke8 31. Qg6+ Kd7 32.
Rf7 { Black forfeits on time } 1-0

[Event "ICC tourney 2552 (3 2)"]
[Site "Internet Chess Club"]
[Date "2021.05.07"]
[Round "1"]
[White "WOO, HENRY:K01-30165260"]
[Black "KOVARIK, OTTO:K05-30020818"]
[Result "0-1"]
[ICCResult "White checkmated"]
[WhiteElo "1400"]
[BlackElo "1400"]
[Opening "Giuoco Piano: four knights variation"]
[ECO "C47"]
[NIC "KP.06"]
[Time "18:03:57"]
[PlyCount "72"]
[TimeControl "180+2"]

1. e4 e5 2. Nf3 Nc6 3. Nc3 Nf6 4. Bc4 Bc5 5. a4 O-O 6. O-O Ng4 7. Bxf7+
Rxf7 8. h3 Nf6 9. d4 Nxd4 10. Nd5 Nxd5 11. exd5 Nxf3+ 12. gxf3 Qf6 13. Bd2
Qxf3 14. Qxf3 Rxf3 15. Bg5 d6 16. Be7 Bxh3 17. Rfe1 Bxf2+ 18. Kh2 Bxe1 19.
Kg1 Ba5 20. Kh2 Bf5 21. Kg2 Rf4 22. Rh1 Be4+ 23. Kg3 Bxh1 24. Bg5 Bd2 25.
Bxf4 Bxf4+ 26. Kg4 Rf8 27. Kh3 Be3 28. Kg3 Bxd5 29. Kh2 Bc1 30. b4 e4 31.
Kg2 e3+ 32. Kg1 e2 33. Kh2 e1=Q 34. Kh3 Rf3+ 35. Kg4 Qg3+ 36. Kh5 g6# {
White checkmated } 0-1

[Event "ICC tourney 2552 (3 2)"]
[Site "Internet Chess Club"]
[Date "2021.05.07"]
[Round "1"]
[White "MANSUROV, UMAR:K01-17128190"]
[Black "SAMPATHKUMAR, GURU:K05-16282718"]
[Result "1-0"]
[ICCResult "Black forfeits on time"]
[WhiteElo "1400"]
[BlackElo "1400"]
[Opening "Caro-Kann: exchange variation"]
[ECO "B13"]
[NIC "CK.02"]
[Time "18:03:41"]
[PlyCount "51"]
[TimeControl "180+2"]

1. e4 c6 2. d4 d5 3. exd5 cxd5 4. Nf3 Nc6 5. Bb5 Bg4 6. O-O Qb6 7. Nc3 e6
8. Bf4 Bb4 9. Bxc6+ bxc6 10. Re1 Nf6 11. h3 Bxf3 12. Qxf3 Qxd4 13. Be5 Qh4
14. a3 Bxc3 15. Bxc3 O-O 16. Rad1 Rac8 17. Rd4 Qg5 18. Ra4 Rc7 19. Be5 Rb7
20. Rd1 Qxe5 21. Rb4 Rxb4 22. axb4 Qxb2 23. c3 Qb3 24. Ra1 Ra8 25. Qe3 Ne4
26. Qb6 { Black forfeits on time } 1-0

[Event "ICC tourney 2552 (3 2)"]
[Site "Internet Chess Club"]
[Date "2021.05.07"]
[Round "1"]
[White "AMRANY, BENJAMIN:K05-17261253"]
[Black "ZHANG, ROYCE:K01-30154455"]
[Result "1-0"]
[ICCResult "Black forfeits on time"]
[WhiteElo "1400"]
[BlackElo "1400"]
[Opening "Queen's gambit accepted"]
[ECO "D20"]
[NIC "QG.03"]
[Time "18:02:31"]
[PlyCount "53"]
[TimeControl "180+2"]

1. d4 d5 2. c4 dxc4 3. e3 Nf6 4. Bxc4 Nc6 5. Qb3 e6 6. Bd2 Bd6 7. Nf3 O-O
8. O-O b6 9. Bb5 Bb7 10. Na3 a6 11. Bxc6 Bxc6 12. Nc4 Be7 13. Nce5 Bxf3 14.
Nxf3 Re8 15. Rac1 Ne4 16. Bb4 Bxb4 17. Qxb4 a5 18. Qc4 Rb8 19. Qxc7 Qxc7
20. Rxc7 Nd6 21. Ne5 Rf8 22. Nd7 Rfc8 23. Rfc1 Rxc7 24. Rxc7 Re8 25. Ne5 f6
26. Nc4 Nb5 27. Rc6 { Black forfeits on time } 1-0

[Event "ICC tourney 2552 (3 2)"]
[Site "Internet Chess Club"]
[Date "2021.05.07"]
[Round "1"]
[White "PATEL, DARSH:K05-16084348"]
[Black "BHOWMICK, ISHAAN:K01-30129149"]
[Result "0-1"]
[ICCResult "White forfeits on time"]
[WhiteElo "1400"]
[BlackElo "1461"]
[Opening "Giuoco Piano: four knights variation"]
[ECO "C50"]
[NIC "IG.02"]
[Time "18:03:00"]
[PlyCount "52"]
[TimeControl "180+2"]

1. e4 e5 2. Bc4 Nc6 3. Nf3 Bc5 4. Nc3 Nf6 5. O-O O-O 6. d3 d6 7. Bg5 Bg4 8.
h3 h6 9. Bh4 Bh5 10. g4 g5 11. gxh5 gxh4 12. Nxh4 Kh7 13. Nd5 Nxd5 14. Bxd5
Qxh4 15. Qg4 Qxg4+ 16. hxg4 Rg8 17. Kh2 Rxg4 18. Kh3 Rf4 19. Rg1 Rxf2 20.
Raf1 Rxf1 21. Rxf1 Rf8 22. a3 Nd4 23. b4 Bb6 24. c3 Nc2 25. Bb3 Nxa3 26.
Bxf7 c5 { White forfeits on time } 0-1

[Event "ICC tourney 2552 (3 2)"]
[Site "Internet Chess Club"]
[Date "2021.05.07"]
[Round "1"]
[White "GRACE KINNEY, ELLA:K06-16939048"]
[Black "MEHTA, TANSEN:K03-17203773"]
[Result "1-0"]
[ICCResult "Black checkmated"]
[WhiteElo "1400"]
[BlackElo "1400"]
[Opening "Sicilian"]
[ECO "B50"]
[NIC "SI.01"]
[Time "18:03:00"]
[PlyCount "99"]
[TimeControl "180+2"]

1. e4 c5 2. Nf3 d6 3. c3 Nc6 4. d4 cxd4 5. cxd4 e6 6. Bb5 a6 7. Ba4 Bd7 8.
O-O Nge7 9. d5 exd5 10. exd5 Nb4 11. Bxd7+ Qxd7 12. Nc3 a5 13. Be3 Nf5 14.
Re1 Be7 15. Bg5 O-O 16. Bxe7 Nxe7 17. Qd2 Qf5 18. Rxe7 Qc2 19. Qxc2 Nxc2
20. Rc1 Nb4 21. a3 Nd3 22. Rc2 Rfe8 23. Rce2 Rxe7 24. Rxe7 Nc5 25. h3 Kf8
26. Re3 Re8 27. Rxe8+ Kxe8 28. Nb5 Kd7 29. Ng5 g6 30. Nxf7 b6 31. Nfxd6 Nd3
32. Nc4 Nc5 33. Nxb6+ Kd8 34. Kf1 Nb7 35. Ke2 Nd6 36. Nxd6 Kc7 37. Ndc4 a4
38. Kd3 g5 39. Kd4 h5 40. Ke5 g4 41. d6+ Kd8 42. hxg4 hxg4 43. Nxa4 g3 44.
f4 Kd7 45. f5 Ke8 46. f6 Kf7 47. d7 Kf8 48. d8=Q+ Kf7 49. Qe7+ Kg8 50. Qg7#
{ Black checkmated } 1-0

[Event "ICC tourney 2552 (3 2)"]
[Site "Internet Chess Club"]
[Date "2021.05.07"]
[Round "1"]
[White "KRISHNA JAYAKRISHNAN, CHETHAN:K05-16682197"]
[Black "WANG, ETHAN:K03-30117638"]
[Result "0-1"]
[ICCResult "White forfeits on time"]
[WhiteElo "1248"]
[BlackElo "1400"]
[Opening "French defense"]
[ECO "C00"]
[NIC "FR.01"]
[Time "18:03:33"]
[PlyCount "74"]
[TimeControl "180+2"]

1. e4 e6 2. Nf3 d5 3. e5 c5 4. Bb5+ Nc6 5. O-O Bd7 6. Nc3 a6 7. Bxc6 Bxc6
8. d3 d4 9. Ne2 Ne7 10. Nf4 g6 11. Bd2 Bg7 12. Re1 Nd5 13. Nxd5 Bxd5 14. c4
Bc6 15. Bg5 Qd7 16. Rc1 O-O 17. Nh4 h6 18. Nxg6 fxg6 19. Bxh6 Bxh6 20. Qg4
Qf7 21. b4 Qxf2+ 22. Kh1 Qf5 23. Qxf5 gxf5 24. Rf1 Bxc1 25. Rxc1 Rf7 26.
Rf1 Rg7 27. Rg1 cxb4 28. h3 Bxg2+ 29. Rxg2 Rxg2 30. Kxg2 a5 31. h4 a4 32.
Kg3 b3 33. h5 bxa2 34. h6 a1=Q 35. h7+ Kxh7 36. c5 Qc3 37. c6 Qxd3+ { White
forfeits on time } 0-1

[Event "ICC tourney 2552 (3 2)"]
[Site "Internet Chess Club"]
[Date "2021.05.07"]
[Round "1"]
[White "JOHNSON, TNIYA:K05-30153002"]
[Black "DORON REPA, HILLEL:K03-16771628"]
[Result "0-1"]
[ICCResult "White forfeits on time"]
[WhiteElo "1400"]
[BlackElo "1400"]
[Opening "Mieses opening"]
[ECO "A00"]
[NIC "VO.13"]
[Time "18:02:11"]
[PlyCount "66"]
[TimeControl "180+2"]

1. d3 e5 2. Nf3 Nc6 3. g3 d5 4. Bg2 Bd6 5. Bg5 f6 6. Be3 d4 7. Bd2 Bd7 8.
Na3 Bxa3 9. bxa3 Nge7 10. Rc1 Be6 11. Ra1 O-O 12. h4 Bf7 13. Kf1 Re8 14.
Bh3 Ng6 15. Bg2 Nf8 16. Rc1 e4 17. dxe4 Rxe4 18. e3 dxe3 19. fxe3 Re6 20.
Rh3 Rb8 21. Rh1 Qd6 22. Qe1 Qxa3 23. Kf2 Ne5 24. Rf1 Nxf3 25. Bxf3 c6 26.
Bc3 a5 27. Bd2 a4 28. g4 Qd6 29. Ke2 Rd8 30. g5 Nd7 31. gxf6 Nxf6 32. h5
Bxh5 33. Bxh5 Nxh5 { White forfeits on time } 0-1

[Event "ICC tourney 2552 (3 2)"]
[Site "Internet Chess Club"]
[Date "2021.05.07"]
[Round "1"]
[White "GANDHI, MANASVI:K03-30110152"]
[Black "NITIN PATIL, AARADHYA:K03-17349055"]
[Result "0-1"]
[ICCResult "White forfeits on time"]
[WhiteElo "1400"]
[BlackElo "1253"]
[Opening "Giuoco Pianissimo: Italian four knights variation"]
[ECO "C50"]
[NIC "IG.02"]
[Time "18:02:13"]
[PlyCount "68"]
[TimeControl "180+2"]

1. e4 e5 2. Nf3 Nc6 3. Bc4 Bc5 4. Nc3 Nf6 5. d3 h6 6. Bd2 O-O 7. O-O d6 8.
h3 a6 9. a3 b5 10. Bb3 Bb7 11. a4 b4 12. Nd5 Nd4 13. Nxd4 Bxd4 14. Nxf6+
Qxf6 15. c3 bxc3 16. bxc3 Bb6 17. a5 Bc5 18. Qe2 Rad8 19. Rae1 Bc6 20. Be3
Rfe8 21. Bxc5 dxc5 22. d4 cxd4 23. cxd4 Bb5 24. Qe3 exd4 25. Qc1 Bxf1 26.
Rxf1 Qd6 27. Qc4 Rd7 28. Re1 Kh8 29. h4 f5 30. f3 fxe4 31. fxe4 Rf8 32. e5
Qg6 33. e6 Re7 34. Qxd4 Qg3 { White forfeits on time } 0-1

[Event "ICC tourney 2552 (3 2)"]
[Site "Internet Chess Club"]
[Date "2021.05.07"]
[Round "1"]
[White "DEA YULIANTO, AGNES:K01-30157253"]
[Black "CHAN, JACOB:K03-30165089"]
[Result "1-0"]
[ICCResult "Black checkmated"]
[WhiteElo "1087"]
[BlackElo "1400"]
[Opening "Bishop's opening"]
[ECO "C23"]
[NIC "IG.04"]
[Time "18:02:16"]
[PlyCount "69"]
[TimeControl "180+2"]

1. e4 e5 2. Bc4 Nc6 3. d4 d6 4. Nf3 Be7 5. O-O Bg4 6. Nc3 exd4 7. Nb5 Bg5
8. Bxg5 Nce7 9. Qd3 c5 10. Nh4 f6 11. Bf4 g5 12. Ng6 Nxg6 13. Bd2 a6 14.
Na3 Nf4 15. Qg3 f5 16. exf5 b5 17. Be6 Qe7 18. Bb3 Ne2+ 19. Kh1 Nxg3+ 20.
hxg3 Qg7 21. Bd5 h5 22. Bxa8 h4 23. Rae1+ Kd7 24. gxh4 Qh7 25. Bxg5 Qg7 26.
f3 Bxf3 27. gxf3 b4 28. Nc4 d5 29. Nb6+ Kc7 30. Nxd5+ Kd6 31. Rg1 d3 32.
Bf4+ Kd7 33. Rxg7+ Kc8 34. Nb6+ Kd8 35. Rd7# { Black checkmated } 1-0

[Event "ICC tourney 2552 (3 2)"]
[Site "Internet Chess Club"]
[Date "2021.05.07"]
[Round "1"]
[White "WANG, EVAN:K03-30117653"]
[Black "LOVELADY, CARTER:K06-16846308"]
[Result "0-1"]
[ICCResult "White forfeits on time"]
[WhiteElo "1400"]
[BlackElo "1243"]
[Opening "Queen's pawn"]
[ECO "A40"]
[NIC "QO.17"]
[Time "18:02:29"]
[PlyCount "66"]
[TimeControl "180+2"]

1. d4 e6 2. Nf3 d5 3. e3 c5 4. b3 Nc6 5. Bb2 Nf6 6. Bd3 Bd6 7. O-O O-O 8.
Nbd2 Re8 9. Qe2 a6 10. c4 dxc4 11. Nxc4 cxd4 12. exd4 Bc7 13. Rad1 b5 14.
Ncd2 Bb7 15. Ne4 Nxe4 16. Qxe4 g6 17. Qe2 f5 18. Ne5 Nxe5 19. dxe5 Qe7 20.
Bc2 Rad8 21. Rxd8 Rxd8 22. Rd1 Rxd1+ 23. Qxd1 Qc5 24. Qe2 Bb6 25. Kh1 Qc6
26. f3 a5 27. Bd3 Qc5 28. Qf1 b4 29. h3 Kf7 30. Kh2 Bc7 31. Qg1 Bxe5+ 32.
Bxe5 Qxe5+ 33. Kh1 Qb2 { White forfeits on time } 0-1

[Event "ICC tourney 2552 (3 2)"]
[Site "Internet Chess Club"]
[Date "2021.05.07"]
[Round "1"]
[White "MUKHILAN A SAMPATH, KAVIN:K05-30070336"]
[Black "SINGH, JIYAN:K03-16360523"]
[Result "0-1"]
[ICCResult "White forfeits on time"]
[WhiteElo "1400"]
[BlackElo "1400"]
[Opening "Ruy Lopez: Caro variation"]
[ECO "C70"]
[NIC "RL.09"]
[Time "18:03:20"]
[PlyCount "36"]
[TimeControl "180+2"]

1. e4 e5 2. Nf3 Nc6 3. Bb5 a6 4. Ba4 b5 5. Bb3 Nf6 6. d3 Bb4+ 7. Bd2 O-O 8.
Bxb4 Nxb4 9. a3 Nc6 10. O-O d5 11. exd5 Nxd5 12. Bxd5 Qxd5 13. Nc3 Qd8 14.
h3 Bf5 15. Re1 Re8 16. Qd2 h6 17. Re2 Qd7 18. h4 Bg4 { White forfeits on
time } 0-1

[Event "ICC tourney 2552 (3 2)"]
[Site "Internet Chess Club"]
[Date "2021.05.07"]
[Round "1"]
[White "AYYAPPAN, SANTHOSH:K01-16959235"]
[Black "SELVAM, SWAGATHA:K05-16203181"]
[Result "1-0"]
[ICCResult "Black forfeits on time"]
[WhiteElo "1400"]
[BlackElo "1400"]
[Opening "Sicilian: dragon variation"]
[ECO "B70"]
[NIC "SI.15"]
[Time "18:02:06"]
[PlyCount "71"]
[TimeControl "180+2"]

1. e4 c5 2. Nf3 d6 3. d4 cxd4 4. Nxd4 Nf6 5. Nc3 g6 6. Bg5 Bg7 7. Bc4 O-O
8. O-O Nc6 9. Nde2 b6 10. Qd2 Bb7 11. f3 Ne5 12. Bb3 a5 13. a4 Qd7 14. Be3
Qc6 15. Nd4 Qd7 16. Rad1 d5 17. exd5 Nxd5 18. Bxd5 Bxd5 19. b3 Rad8 20.
Ndb5 Bc6 21. Qxd7 Bxd7 22. Bxb6 Bxb5 23. Nxb5 Rxd1 24. Rxd1 h6 25. Bxa5 Kh7
26. Kf2 Rc8 27. c4 Ra8 28. Bc3 f6 29. Bxe5 fxe5 30. Rd7 Bf6 31. c5 Rc8 32.
Rc7 Rd8 33. Ke2 g5 34. c6 Kg6 35. Rd7 Rc8 36. c7 { Black forfeits on time }
1-0

[Event "ICC tourney 2552 (3 2)"]
[Site "Internet Chess Club"]
[Date "2021.05.07"]
[Round "1"]
[White "MICHAEL BAR, NATHAN:K01-30163724"]
[Black "CHAN, ARTHUR:K05-30015869"]
[Result "1-0"]
[ICCResult "Black checkmated"]
[WhiteElo "1400"]
[BlackElo "1400"]
[Opening "Sicilian defense"]
[ECO "B30"]
[NIC "SI.31"]
[Time "18:02:24"]
[PlyCount "95"]
[TimeControl "180+2"]

1. e4 c5 2. Nf3 Nc6 3. c3 e5 4. Bc4 Nf6 5. d3 d6 6. Bg5 Be6 7. Bb3 Be7 8.
Nbd2 Bxb3 9. Qxb3 O-O 10. O-O b6 11. Qc2 h6 12. Bh4 Nh5 13. Bxe7 Qxe7 14.
Qa4 Na5 15. b4 cxb4 16. cxb4 Nb7 17. Rfe1 a6 18. d4 b5 19. Qb3 Nf6 20. d5
Rac8 21. Rec1 Nd7 22. Qa3 Ra8 23. Nb3 Nb6 24. Rc2 Nc4 25. Qc1 a5 26. bxa5
Nbxa5 27. Nxa5 Rxa5 28. Nd2 Na3 29. Rc7 Qg5 30. Rc6 Nc4 31. Nxc4 Rxa2 32.
Rxd6 Rxa1 33. Qxa1 bxc4 34. Rc6 Qg6 35. Rxg6 fxg6 36. d6 Rd8 37. Qa6 Rb8
38. h3 c3 39. d7 c2 40. Qc8+ Kh7 41. Qxc2 Rd8 42. Qc7 Ra8 43. d8=Q Ra1+ 44.
Kh2 g5 45. Qdd7 Kg6 46. Qxg7+ Kh5 47. g4+ Kh4 48. Qxh6# { Black checkmated
} 1-0